 Dungeon Crawl Stone Soup version 0.19-a0-1851-g3228ea0 (webtiles) character file.

280 rgaf the Sneak (level 6, -4/28 HPs)
             Began as a Vine Stalker Enchanter on Oct 10, 2016.
             Slain by Sigmund
             ... wielding a +0 scythe
              (5 damage)
             ... on level 2 of the Dungeon.
             The game lasted 00:05:34 (2732 turns).

rgaf the Sneak (Vine Stalker Enchanter)             Turns: 2732, Time: 00:05:35

Health: -4/28      AC:  5    Str: 10    XL:     6   Next: 27%
Magic:  0/11       EV: 12    Int: 17    God:
Gold:   200        SH:  0    Dex: 15    Spells: 2 memorised, 8 levels left

rFire  . . .     SeeInvis .     a - +1 dagger
rCold  . . .     Gourm    .     b - +1 robe
rNeg   . . .     Faith    .     (no shield)
rPois  .         Spirit   +     q - +0 helmet
rElec  .         Dismiss  .     p - +0 cloak
rCorr  .         Reflect  .     (no gloves)
MR     .....     Harm     .     (no boots)
Stlth  +++.......               (no amulet)
                                (no ring)
                                (no ring)

@: no status effects
A: fangs 2, regeneration 1, magic shield, antimagic bite, no device heal 3, rot
immunity
a: no special abilities


You were on level 2 of the Dungeon.
You were not hungry.

You visited 1 branch of the dungeon, and saw 3 of its levels.

You collected 200 gold pieces.

Inventory:

Hand Weapons
 a - a +1 dagger (weapon)
Armour
 b - a +1 robe (worn)
 p - a +0 cloak (worn)
 q - a +0 helmet (worn)
Jewellery
 g - an uncursed ring of ice
Wands
 l - a wand of paralysis (8/24)
 m - a wand of paralysis (7/24)
 r - a wand of flame (20/48)
 u - a wand of flame (12/48)
 v - a wand of lightning (7/15)
Scrolls
 e - a scroll of noise {unknown}
 h - 2 scrolls of remove curse {unknown}
 i - a scroll of amnesia {unknown}
 j - 3 scrolls of identify {unknown}
 n - a scroll of enchant weapon {unknown}
 o - a scroll of fog {unknown}
Potions
 s - 2 potions of curing {unknown}
 t - 2 potions of magic {unknown}
 w - a potion of lignification {unknown}
Books
 c - a book of Maledictions

   Spells                             Type                      Level
   a - Corona                         Hexes                        1
   b - Ensorcelled Hibernation        Hexes/Ice                    2
   c - Confuse                        Hexes                        3
   d - Tukima's Dance                 Hexes                        3
   e - Dazzling Spray                 Conjuration/Hexes            3
Comestibles
 d - 3 bread rations
 k - a meat ration


   Skills:
 + Level 2.4 Short Blades
 - Level 1.5 Dodging
 * Level 5.5 Stealth
 + Level 3.0 Spellcasting
 * Level 4.9 Hexes


You had 8 spell levels left.
You knew the following spells:

 Your Spells              Type           Power        Failure   Level  Hunger
a - Corona                Hex            ###....      2%          1    None
b - Ensorcelled Hibernat  Hex/Ice        ##....       12%         2    ##.....


Dungeon Overview and Level Annotations

Branches:
Dungeon (3/15)

Altars:
Elyvilon
Okawaru
Uskayaw

Annotations:
D:2 Sigmund


Innate Abilities, Weirdness & Mutations

You have extremely sharp teeth.
Your natural rate of healing is unusually fast.
When hurt, damage is shared between your health and your magic reserves.
Your bite disrupts and absorbs the magic of your enemies.
Potions and wands cannot restore your health.
You are immune to rotting.


Message History

A puff of flame appears from out of thin air!
The puff of flame hits you!
You hit something but do no damage. Something hits you!
* * * LOW HITPOINT WARNING * * *
You hit something. You bite something. You drain its magic.
You feel invigorated.
You hit something but do no damage. Something hits you!
* * * LOW HITPOINT WARNING * * *
You closely miss something. You bite something. You drain its magic.
You feel invigorated.
You completely miss something. You bite something. You drain its magic.
You hit something. Your bite misses something. Something barely misses you.
You miss something. You bite something. You drain its magic.
You miss something. Your bite misses something. Something hits you!
* * * LOW HITPOINT WARNING * * *
You hit something. You bite something. Something hits you.
* * * LOW HITPOINT WARNING * * *
You miss something. You closely miss something. You bite something.
Something hits you!
You die...

.. #......# #....... ...
#......# #.......
...###.$....######..K.>..
................((.......
.....#.............{.....
.........................
............######....... .@.
#......# ###..(....
.....###@#######.<.......
.......{..)....#.........
.....###.#...#........... ...
#.#...#........... #
#.......#......... #########
##....###........†
#.......#####........(.......
#.......##.###...###.........
#.......##.#...#.# #.........


There were no monsters in sight!

Vanquished Creatures
  A hungry ghost (D:3)
  Ijyb (D:2)
  2 adders
  2 gnolls (D:3)
  An ooze (D:1)
  3 worms (D:2)
  A dart slug (D:1)
  3 leopard geckos
  An orc (D:3)
  9 bats
  4 giant cockroaches
  5 hobgoblins
  3 jackals (D:3)
  A ball python (D:2)
  11 frilled lizards
  7 goblins
  15 kobolds
  7 rats
77 creatures vanquished.

Notes
Turn   | Place    | Note
-------+----------+-------------------------------------------
     0 | D:1      | rgaf the Vine Stalker Enchanter began the quest for the Orb.
     0 | D:1      | Reached XP level 1. HP: 9/9 MP: 4/4
    58 | D:1      | Reached skill level 1 in Short Blades
    84 | D:1      | Reached XP level 2. HP: 10/13 MP: 6/6
   205 | D:1      | Learned a level 2 spell: Ensorcelled Hibernation
   553 | D:1      | Reached skill level 4 in Stealth
   553 | D:1      | Reached XP level 3. HP: 10/16 MP: 7/7
   853 | D:2      | Noticed Ijyb
  1251 | D:2      | Paralysed by Ijyb for 2 turns
  1266 | D:2      | Killed Ijyb
  1266 | D:2      | Gained mutation: Your natural rate of healing is unusually fast. [Vine Stalker growth]
  1266 | D:2      | Reached XP level 4. HP: 10/21 MP: 3/8
  1667 | D:2      | Noticed Sigmund
  1896 | D:3      | Reached XP level 5. HP: 23/24 MP: 3/9
  1983 | D:3      | Found a white marble altar of Elyvilon.
  1999 | D:3      | Found a hide-covered altar of Uskayaw.
  2070 | D:3      | Found an iron altar of Okawaru.
  2395 | D:3      | Noticed a hungry ghost
  2438 | D:3      | Paralysed by fainting for 7 turns
  2484 | D:3      | Killed a hungry ghost
  2484 | D:3      | Reached skill level 5 in Stealth
  2484 | D:3      | Reached XP level 6. HP: 17/28 MP: 8/11
  2724 | D:2      | HP: 1/28 [something (3)]
  2729 | D:2      | HP: 1/28 [something (2)]
  2732 | D:2      | Slain by Sigmund

Vault maps used:
D:1:      minmay_arrival_hallway
D:2:      uniq_sigmund, uniq_iyjb
D:3:      eat_drink_and_be_merry_uskayaw, lemuel_crystal_altar, first_bread,
          okawaru_altar_gauntlet_db

Skill      XL: |  1  2  3  4  5 |
---------------+----------------+-----
Short Blades   | 1 2 |  2.4
Stealth        | 4 5 |  5.5
Hexes          | 4 |  4.9
Spellcasting   | 3 |  3.0
Dodging        | |  1.5

Action                   |  1- 3 |  4- 6 || total
-------------------------+-------+-------++-------
Melee: Dagger            |   132 |   190 ||   322
       Bite              |    26 |    39 ||    65
 Cast: Ensorcelled Hiber |     4 |    13 ||    17
       Corona            |     1 |     1 ||     2
 Stab: Sleeping          |     5 |    11 ||    16
  Eat: Chunk             |     1 |     8 ||     9
       Fruit             |       |     2 ||     2
       Meat ration       |       |     1 ||     1
       Pizza             |       |     1 ||     1
Armor: Robe              |    45 |    48 ||    93
Dodge: Dodged            |    81 |    98 ||   179
